[Event "45th FIDE Olympiad 2024"]
[Site "Budapest"]
[Date "2024.09.15"]
[Round "5.74"]
[White "Quizon, Daniel"]
[Black "Demchenko, Anton"]
[Result "1/2-1/2"]
[ECO "C77"]
[WhiteElo "2490"]
[BlackElo "2597"]
[Annotator "TA"]
[PlyCount "166"]
[EventDate "2024.09.05"]
[EventType "team-tourn"]
[EventCountry "HUN"]
[SourceTitle "playchess.com"]
[Source "ChessBase"]
[SourceQuality "1"]
[WhiteTeam "Philippines"]
[BlackTeam "Slovenia"]
[WhiteTeamCountry "PHI"]
[BlackTeamCountry "SLO"]
[TimeControl "40/5400+30:1800+30"]

1. e4 e5 2. Nf3 Nc6 3. Bb5 a6 4. Ba4 Nf6 5. d3 d6 6. c3 g6 7. O-O Bg7 8. Nbd2 O-O 9. Re1 h6 {C77: Ruy Lopez: 3...a6 4 Ba4 Nf6, unusual lines.} 10. Nf1 Nh7 11. d4 $146 ({Predecessor:} 11. Ng3 Bd7 12. Bd2 f5 13. exf5 gxf5 14. Nh5 Be8 15. Nxg7 Kxg7 16. c4 Bh5 17. Bc3 {0-1 Cederstam Barsk,C (2263)-Falkevall,A (2325) Uppsala Weekend Gp1 2024 (5)}) 11... exd4 12. Nxd4 Bd7 13. Nxc6 Bxc6 14. Bxc6 bxc6 15. Qa4 Qd7 16. Be3 Rfb8 17. Re2 Nf8 18. Bd4 c5 19. Qxd7 Nxd7 20. Bxg7 Kxg7 21. Ne3 a5 22. a4 Nb6 23. Nd5 Rb7 24. Nxb6 Rxb6 25. Rd1 Re8 26. Rdd2 f5 27. exf5 Rxe2 28. Rxe2 gxf5 29. f4 Kf6 30. Rd2 Rb8 31. Kf2 h5 32. g3 Ke6 33. h3 d5 34. g4 hxg4 35. hxg4 fxg4 36. Kg3 Rg8 37. Re2+ Kf6 38. Re5 c6 39. Rh5 c4 40. Rh2 Kf5 41. Re2 Kf6 42. Rh2 Kf5 43. Re2 Rh8 44. Re5+ Kf6 45. Re2 c5 ({Don't do} 45... Rg8 46. Rh2 $17) 46. Re5 d4 47. cxd4 $1 cxd4 48. Rd5 d3 49. Kxg4 Rh1 50. Kf3 $1 Re1 51. Rd4 Ke6 52. Rd8 Rb1 53. Rd4 Rxb2 54. Rxc4 Kd5 55. Rc8 Re2 56. f5 Kd4 57. Rd8+ Kc4 58. f6 Re6 59. f7 Rf6+ 60. Ke3 Rxf7 61. Rd4+ Kb3 62. Kxd3 Rf3+ 63. Kd2 Rf2+ 64. Kd3 Rf1 65. Kd2 Rf2+ 66. Kd3 Ra2 67. Rh4 Ra3 68. Kd2 Kb2 69. Rg4 Ra2 70. Kd3 Kb3 71. Rh4 Rg2 72. Rf4 Rg5 73. Rd4 Rc5 74. Rh4 Rd5+ 75. Rd4 Rxd4+ 76. Kxd4 Kxa4 77. Kc3 Ka3 78. Kc2 Ka2 79. Kc1 a4 (79... Ka1 $5) 80. Kc2 a3 81. Kc1 Kb3 (81... Ka1 $5) 82. Kb1 a2+ 83. Ka1 Ka3 1/2-1/2

[Event "45th FIDE Olympiad 2024"]
[Site "Budapest"]
[Date "2024.09.15"]
[Round "5.74"]
[White "McCoy, Tom"]
[Black "Righi, Ezio"]
[Result "1/2-1/2"]
[ECO "B22"]
[WhiteElo "1883"]
[BlackElo "1909"]
[PlyCount "60"]
[EventDate "2024.09.05"]
[EventType "team-tourn"]
[EventCountry "HUN"]
[WhiteTeam "Papua New Guinea"]
[BlackTeam "San Marino"]
[WhiteTeamCountry "PNG"]
[BlackTeamCountry "SMR"]
[TimeControl "40/5400+30:1800+30"]

1. e4 c5 2. c3 Nf6 3. e5 Nd5 4. Nf3 d6 5. d4 cxd4 6. cxd4 Nc6 7. Bc4 dxe5 8. dxe5 Ndb4 9. Qxd8+ Nxd8 10. Na3 Bg4 11. Nd4 Rc8 12. Bd2 e6 13. Rc1 Ndc6 14. Nxc6 Nxc6 15. Bb5 Bxa3 16. bxa3 O-O 17. Bxc6 Rxc6 18. Rxc6 bxc6 19. Bb4 c5 20. Bxc5 Rc8 21. Be3 Rc3 22. O-O Rxa3 23. Rb1 h6 24. Rb2 Bf5 25. Bc5 Ra5 26. Bd6 Be4 27. f3 Bd5 28. a3 Kh7 29. Kf2 Ra6 30. Rc2 Rc6 1/2-1/2

[Event "45th FIDE Olympiad 2024"]
[Site "Budapest"]
[Date "2024.09.15"]
[Round "5.75"]
[White "Subelj, Jan"]
[Black "Bersamina, Paulo"]
[Result "1/2-1/2"]
[ECO "B01"]
[WhiteElo "2498"]
[BlackElo "2425"]
[Annotator "TA"]
[PlyCount "61"]
[EventDate "2024.09.05"]
[EventType "team-tourn"]
[EventCountry "HUN"]
[SourceTitle "playchess.com"]
[Source "ChessBase"]
[SourceQuality "1"]
[WhiteTeam "Slovenia"]
[BlackTeam "Philippines"]
[WhiteTeamCountry "SLO"]
[BlackTeamCountry "PHI"]
[TimeControl "40/5400+30:1800+30"]

1. e4 d5 2. exd5 Qxd5 3. Nc3 Qa5 4. d4 Nf6 5. Bc4 Bf5 6. Nf3 e6 7. O-O c6 8. Nh4 Bg6 9. h3 Be7 10. Nxg6 {White is slightly better.} hxg6 11. Bf4 Nbd7 12. Re1 O-O 13. Qd2 (13. a3 $14) 13... Bb4 $11 14. a3 Bxc3 15. Qxc3 Qxc3 16. bxc3 Nd5 17. Bd2 b5 18. Bd3 N7b6 19. a4 Nc4 20. Bxc4 bxc4 21. a5 c5 22. Re4 Rfc8 23. Ra4 f5 24. Rxe6 cxd4 25. Rd6 ({White should try} 25. cxd4 $16 {[%cal Oe6e5] Threatens to win with Re5!} Rab8 26. Re5 (26. Rxg6 Rb2 $14)) 25... dxc3 26. Rxd5 cxd2 27. Rxd2 {KRR-KRR} Rab8 28. Rd4 Rb5 29. Raxc4 Rxc4 30. Rxc4 Rxa5 31. Rc7 {Weighted Error Value: White=0.15 (very precise) /Black=0.10 (very precise) .  Mistake:       	White=2     	---        Inaccurate:     	White=2     	Black=4      OK:         	White=6     	Black=8      Best:        	White=2     	Black=2} 1/2-1/2

[Event "45th FIDE Olympiad 2024"]
[Site "Budapest"]
[Date "2024.09.15"]
[Round "5.75"]
[White "Grassi, Enrico"]
[Black "Jones, Rupert"]
[Result "0-1"]
[ECO "B13"]
[WhiteElo "1965"]
[BlackElo "1849"]
[PlyCount "88"]
[EventDate "2024.09.05"]
[EventType "team-tourn"]
[EventCountry "HUN"]
[WhiteTeam "San Marino"]
[BlackTeam "Papua New Guinea"]
[WhiteTeamCountry "SMR"]
[BlackTeamCountry "PNG"]
[TimeControl "40/5400+30:1800+30"]

1. e4 c6 2. d4 d5 3. exd5 cxd5 4. c4 Nf6 5. Nc3 Nc6 6. Nf3 Bg4 7. cxd5 Nxd5 8. Qb3 Bxf3 9. gxf3 e6 10. Qxb7 Nxd4 11. Bb5+ Nxb5 12. Qc6+ Ke7 13. Nxd5+ Qxd5 14. Qxd5 exd5 15. O-O f6 16. a4 Nc7 17. Be3 Kd7 18. Rfd1 Bd6 19. Rac1 Rab8 20. Bxa7 Rxb2 21. a5 Rb5 22. Bb6 Re8 23. Rb1 Rxb1 24. Rxb1 Ra8 25. Rc1 Na6 26. Rd1 Kc6 27. Rc1+ Bc5 28. Re1 Kd6 29. Rb1 Rb8 30. Bxc5+ Kxc5 31. Rc1+ Kd6 32. Rc2 Rb5 33. Rc8 Rxa5 34. Rg8 d4 35. Kf1 g6 36. Ke2 Rh5 37. Kd3 Nc5+ 38. Kxd4 Ne6+ 39. Ke3 f5 40. Ra8 Rxh2 41. Ra6+ Ke5 42. f4+ Kf6 43. Kf3 Rh4 44. Kg3 Rg4+ {0-} 0-1

[Event "45th FIDE Olympiad 2024"]
[Site "Budapest"]
[Date "2024.09.15"]
[Round "5.76"]
[White "Garcia, Jan Emmanuel"]
[Black "Sebenik, Matej"]
[Result "1/2-1/2"]
[ECO "D34"]
[WhiteElo "2380"]
[BlackElo "2515"]
[Annotator "TA"]
[PlyCount "61"]
[EventDate "2024.09.05"]
[EventType "team-tourn"]
[EventCountry "HUN"]
[SourceTitle "playchess.com"]
[Source "ChessBase"]
[SourceQuality "1"]
[WhiteTeam "Philippines"]
[BlackTeam "Slovenia"]
[WhiteTeamCountry "PHI"]
[BlackTeamCountry "SLO"]
[TimeControl "40/5400+30:1800+30"]

1. Nf3 d5 2. d4 e6 3. c4 c5 4. cxd5 exd5 5. g3 Nf6 6. Bg2 Nc6 7. O-O Be7 8. Nc3 O-O 9. dxc5 Bxc5 10. Na4 Be7 11. Be3 Re8 12. Rc1 Bg4 13. Nc5 Qb6 14. Nb3 Qa6 15. a3 h6 16. Qd3 $1 Qxd3 17. exd3 Bf5 18. Rc3 Rac8 19. Rfc1 Ng4 20. Bd4 (20. Nbd4 $5 Nxe3 21. fxe3 $11) 20... Nxd4 21. Nfxd4 Rxc3 22. Rxc3 Bg6 (22... Bf6 $1 $11 {keeps the balance.} 23. Nxf5 Re1+ 24. Bf1 Bxc3 25. bxc3 Nxh2 26. Kxh2 Rxf1) 23. Bxd5 $16 Bf6 24. Bxb7 Rd8 25. Rc8 (25. h3 $1 $16) 25... Rxc8 $1 $11 {The position is equal.} 26. Bxc8 Ne5 27. Nb5 Nf3+ 28. Kg2 Ne1+ 29. Kg1 Nf3+ 30. Kg2 Ne1+ 31. Kg1 {Weighted Error Value: White=0.21 (precise) /Black=0.13 (very precise) .  Mistake:       	White=1     	Black=1      Inaccurate:     	White=1     	Black=2      OK:         	White=4     	Black=7      Best:        	White=2     	Black=1      Strong:       	White=1     	Black=1} 1/2-1/2

[Event "45th FIDE Olympiad 2024"]
[Site "Budapest"]
[Date "2024.09.15"]
[Round "5.77"]
[White "Brkic, Ante"]
[Black "Maksimovic, Bojan"]
[Result "1-0"]
[ECO "B41"]
[WhiteElo "2642"]
[BlackElo "2503"]
[Annotator "TA"]
[PlyCount "83"]
[EventDate "2024.09.05"]
[EventType "team-tourn"]
[EventCountry "HUN"]
[SourceTitle "playchess.com"]
[Source "ChessBase"]
[SourceQuality "1"]
[WhiteTeam "Croatia"]
[BlackTeam "Bosnia & Herzegovina"]
[WhiteTeamCountry "CRO"]
[BlackTeamCountry "BIH"]
[TimeControl "40/5400+30:1800+30"]

1. e4 c5 2. Nf3 e6 3. d4 cxd4 4. Nxd4 a6 5. c4 Nf6 6. Nc3 Qc7 7. a3 b6 8. f4 Bb7 9. Bd3 Nc6 10. Nxc6 {White is slightly better.} Qxc6 11. Qe2 Bc5 12. Be3 Bxe3 13. Qxe3 Qc5 (13... O-O $11) 14. Qxc5 $16 bxc5 15. e5 $1 Ng4 (15... Bxg2 $2 16. Rg1 Nh5 17. Rxg2 $18) 16. O-O Rb8 17. Rae1 h5 18. Re2 Ke7 19. h3 Nh6 20. Na4 Rhc8 21. f5 Ba8 {[#]} (21... exf5 $11 22. Bxf5 Nxf5 23. Rxf5 g6) 22. f6+ $1 Kf8 23. Rf4 {[%cal Bf1f4,Bf4h4,Bh4h5,Bh5h8][%mdl 32] White is much more active.} Rc7 $2 {[#]} (23... g6 $16) 24. fxg7+ $1 $18 Kxg7 25. Rh4 Rb3 26. Rd2 Nf5 27. Bxf5 (27. Rxh5 $18 Ne7 28. Rg5+ Kf8 29. Bh7) 27... exf5 $16 28. Rxh5 Kg6 {Prevents Rg5+} 29. Rh8 Be4 30. Kf2 ({White should try} 30. Rg8+ $18 Kh7 31. Rd8) 30... Rd3 (30... Kg7 $16 {keeps fighting.} 31. Rh4 (31. Rd8 f4 $16) 31... Rc8) 31. Rxd3 Bxd3 $18 {[%mdl 4096] Endgame. KRB-KRN} 32. b3 f4 33. Kf3 Bc2 $2 (33... Kf5 34. Rh5+ Kg6) 34. Kxf4 Bxb3 (34... f6 {is a better defense.} 35. Rb8 fxe5+ 36. Kxe5 Rc6) 35. Nb6 {White is clearly winning.} Rb7 36. Nd5 {Threatening mate with Rg8+.} ({But not} 36. Rg8+ $2 Kh7 37. e6 dxe6 $19 (37... Kxg8 38. exd7 $16) (37... fxe6 $2 38. Rd8 $19)) 36... f6 37. exf6 Bxc4 38. Rg8+ Kf7 39. Rg7+ Kf8 40. Ne7 {Black must now prevent h4.} Rb2 41. g4 Bf7 42. Rh7 {Weighted Error Value: White=0.10 (very precise) /Black=0.43.  Mistake:       	White=2     	Black=6      Inaccurate:     	---       	Black=2      OK:         	White=14    	Black=14     Best:        	White=4     	Black=2      Strong:       	White=3     	---} 1-0

[Event "45th FIDE Olympiad 2024"]
[Site "Budapest"]
[Date "2024.09.15"]
[Round "5.77"]
[White "Kudakwashe, Chinake"]
[Black "Asante, Debesai Zerabruk"]
[Result "1/2-1/2"]
[ECO "A45"]
[WhiteElo "1859"]
[BlackElo "1908"]
[PlyCount "105"]
[EventDate "2024.09.05"]
[EventType "team-tourn"]
[EventCountry "HUN"]
[WhiteTeam "Cayman Islands"]
[BlackTeam "Eritrea"]
[WhiteTeamCountry "CAY"]
[BlackTeamCountry "ERI"]
[TimeControl "40/5400+30:1800+30"]

1. d4 Nf6 2. Nc3 g6 3. Bf4 d5 4. e3 Bg7 5. Nb5 Na6 6. h4 c6 7. Na3 Ne4 8. f3 Qa5+ 9. c3 Nd6 10. Nc2 Qb6 11. b4 Nc7 12. Bd3 Bf5 13. Bxd6 Bxd3 14. Qxd3 exd6 15. Ne2 h5 16. a4 Ne6 17. f4 O-O-O 18. a5 Qc7 19. b5 c5 20. O-O Qe7 21. g3 Bh6 22. a6 b6 23. e4 Rhe8 24. exd5 Nc7 25. Rae1 Qe4 26. Qxe4 Rxe4 27. c4 Rde8 28. Nc3 Rxe1 29. Rxe1 Rxe1+ 30. Nxe1 Bg7 31. Nf3 cxd4 32. Ne2 d3 33. Nc1 Bc3 34. Nxd3 f5 35. Kf1 Ne8 36. Ke2 Nf6 37. Nf2 Kd7 38. Kd3 Bb2 39. Nd1 Ba1 40. Nf2 Bb2 41. Ng5 Ng4 42. Nxg4 hxg4 43. Ne6 Ke7 44. Nc7 Ba3 45. Ne6 Bb2 46. Ke2 Bc3 47. Ke3 Bb4 48. h5 gxh5 49. Ng7 Kf6 50. Nxh5+ Kg6 51. Kf2 Kxh5 52. Kg2 Bc5 53. Kh2 1/2-1/2

[Event "45th FIDE Olympiad 2024"]
[Site "Budapest"]
[Date "2024.09.15"]
[Round "5.78"]
[White "Stojanovic, Dalibor"]
[Black "Martinovic, Sasa"]
[Result "1/2-1/2"]
[ECO "C07"]
[WhiteElo "2448"]
[BlackElo "2563"]
[Annotator "TA"]
[PlyCount "71"]
[EventDate "2024.09.05"]
[EventType "team-tourn"]
[EventCountry "HUN"]
[SourceTitle "playchess.com"]
[Source "ChessBase"]
[SourceQuality "1"]
[WhiteTeam "Bosnia & Herzegovina"]
[BlackTeam "Croatia"]
[WhiteTeamCountry "BIH"]
[BlackTeamCountry "CRO"]
[TimeControl "40/5400+30:1800+30"]

1. e4 e6 2. d4 d5 3. Nd2 c5 4. Ngf3 cxd4 5. Nxd4 Nc6 6. Bb5 Bd7 7. Nxc6 bxc6 8. Bd3 Bd6 9. Qe2 e5 10. exd5 cxd5 11. c4 Nf6 12. cxd5 O-O 13. O-O $1 Re8 14. Bb5 Nxd5 {[#] Hoping for ...Nf4. The position is equal.} 15. Bxd7 Qxd7 16. Ne4 {Dodges Bc5} Be7 17. Rd1 Qe6 18. Bg5 Rad8 19. Bxe7 Nf4 20. Qf3 Qxe7 21. Rxd8 Rxd8 22. Rd1 {Repels Rd3} h6 23. g3 Ne6 24. Rxd8+ Qxd8 $11 {[%mdl 4096] Endgame. KQN-KQN} 25. Nc3 Qd4 26. Qa8+ Kh7 27. Qe4+ Qxe4 28. Nxe4 {KN-KN} f5 29. Nd6 Kg6 30. b4 Kf6 31. b5 Nc5 32. Nc8 a6 33. bxa6 Nxa6 34. Nb6 e4 35. Kf1 g5 36. Ke2 {An even fight not without its subleties.   Weighted Error Value: White=0.02 (flawless) /Black=0.02 (flawless) .  Inaccurate:     	White=1     	---        OK:         	White=17    	Black=13     Strong:       	White=1     	---} 1/2-1/2

[Event "45th FIDE Olympiad 2024"]
[Site "Budapest"]
[Date "2024.09.15"]
[Round "5.78"]
[White "Kibrom, Weldegebriel Beraki"]
[Black "Young, Christopher"]
[Result "1-0"]
[ECO "E94"]
[WhiteElo "1885"]
[BlackElo "1758"]
[PlyCount "63"]
[EventDate "2024.09.05"]
[EventType "team-tourn"]
[EventCountry "HUN"]
[WhiteTeam "Eritrea"]
[BlackTeam "Cayman Islands"]
[WhiteTeamCountry "ERI"]
[BlackTeamCountry "CAY"]
[TimeControl "40/5400+30:1800+30"]

1. d4 Nf6 2. c4 g6 3. Nc3 Bg7 4. e4 d6 5. Be2 O-O 6. Nf3 e5 7. d5 a5 8. Bg5 Nbd7 9. Nd2 Nc5 10. O-O h6 11. Be3 Nfd7 12. b3 f5 13. f3 Nf6 14. a3 f4 15. Bf2 g5 16. b4 axb4 17. axb4 Rxa1 18. Qxa1 Na6 19. Qa3 h5 20. c5 Nb8 21. cxd6 cxd6 22. Nc4 Ne8 23. Bb6 Qd7 24. b5 Nc7 25. Qa7 Nba6 26. bxa6 Nxa6 27. Bf2 g4 28. Nb6 Qc7 29. Nb5 Qe7 30. Rc1 g3 31. Nxc8 gxf2+ 32. Qxf2 1-0

[Event "45th FIDE Olympiad 2024"]
[Site "Budapest"]
[Date "2024.09.15"]
[Round "5.79"]
[White "Livaic, Leon"]
[Black "Burovic, Rijad"]
[Result "1-0"]
[ECO "E71"]
[WhiteElo "2550"]
[BlackElo "2426"]
[Annotator "TA"]
[PlyCount "137"]
[EventDate "2024.09.05"]
[EventType "team-tourn"]
[EventCountry "HUN"]
[SourceTitle "playchess.com"]
[Source "ChessBase"]
[SourceQuality "1"]
[WhiteTeam "Croatia"]
[BlackTeam "Bosnia & Herzegovina"]
[WhiteTeamCountry "CRO"]
[BlackTeamCountry "BIH"]
[TimeControl "40/5400+30:1800+30"]

1. d4 Nf6 2. c4 g6 3. Nc3 Bg7 4. e4 d6 5. h3 O-O 6. Be3 e5 7. d5 Na6 8. g4 {E71: King's Indian: 4 e4 d6 5 h3.} Nc5 9. f3 a5 10. Qd2 {10.Nge2 is more advanced technology.} c6 11. Nge2 a4 12. Nc1 cxd5 13. cxd5 Bd7 14. Nd3 Nxd3+ 15. Bxd3 Qa5 16. Ne2 $146 ({Predecessor:} 16. a3 Rfc8 17. O-O Ne8 18. Rac1 Nc7 19. Qf2 b5 20. Na2 Ne8 21. Bb6 Qa6 22. Nb4 {1-0 Salem,A (2690)-Costachi,M (2463) Wch Blitz Warsaw 2021 (9)}) 16... Rfc8 17. Qxa5 Rxa5 18. Kd2 Ne8 19. Rhc1 Rxc1 20. Rxc1 Bf6 21. Bb6 Ra8 22. Rc2 h5 23. Nc3 hxg4 24. hxg4 Bg5+ 25. Be3 Bxe3+ 26. Kxe3 Ra5 27. Nb1 Kf8 28. Kd2 b5 29. g5 Ra7 30. Nc3 Nc7 31. Ke3 Rb7 32. Ne2 Na6 33. Rc1 Nc5 34. f4 exf4+ 35. Nxf4 Ke7 36. Rh1 Be8 37. Kd4 Nd7 38. Be2 Ne5 (38... Rc7 $1 $11) 39. Nd3 $16 Nxd3 (39... Nc4 $16) 40. Bxd3 $18 (40. Kxd3 Rc7 $11) 40... b4 41. e5 Bb5 {[#]} (41... dxe5+ 42. Kxe5 b3 43. a3 $18) (41... Rc7 {was worth a try.} 42. Rf1 dxe5+ 43. Kxe5 Kd8) 42. Bxb5 (42. Bxg6 $1 $18 b3 (42... dxe5+ $2 43. Kxe5 Be8 44. Bd3 $18) 43. axb3) 42... Rxb5 $16 43. Rc1 Kd7 $2 (43... dxe5+ $16 44. Kxe5 Kd7) 44. exd6 $18 Kxd6 $2 (44... b3 {might work better.} 45. a3 Rb8) 45. Rc6+ $18 Kd7 46. Ra6 a3 47. b3 (47. bxa3 bxa3 48. Ke5 (48. Rxa3 Rb2 $11) 48... Rb2 49. Ra7+ (49. Rxa3 Re2+ 50. Kf6 Rf2+ 51. Ke5 Re2+ 52. Kd4 Rd2+ 53. Ke4 Re2+ 54. Kd4 Rd2+ 55. Kc5 Rc2+ 56. Kd4 Rd2+ $11) 49... Kc8 50. Rxa3 Rf2 $18) 47... Rb8 48. Kc5 Rc8+ 49. Kxb4 Rc2 50. Rxa3 Kd6 51. Ra7 Rf2 52. a4 Kxd5 53. Rc7 Kd6 54. Rc1 f6 55. gxf6 Rxf6 56. a5 Rf8 57. Rg1 Rf6 58. Ka4 Kc6 59. b4 Kb7 60. Rg4 Re6 61. Rf4 Re7 62. Rf6 Rg7 63. a6+ Ka8 64. Ka5 Rg8 65. b5 g5 66. b6 g4 67. a7 Kb7 68. Rf7+ Kc6 69. b7 1-0

[Event "45th FIDE Olympiad 2024"]
[Site "Budapest"]
[Date "2024.09.15"]
[Round "5.79"]
[White "Shaw, Clifford"]
[Black "Lilay, Weldu Gebru"]
[Result "0-1"]
[ECO "B21"]
[WhiteElo "1744"]
[BlackElo "1977"]
[PlyCount "74"]
[EventDate "2024.09.05"]
[EventType "team-tourn"]
[EventCountry "HUN"]
[WhiteTeam "Cayman Islands"]
[BlackTeam "Eritrea"]
[WhiteTeamCountry "CAY"]
[BlackTeamCountry "ERI"]
[TimeControl "40/5400+30:1800+30"]

1. e4 c5 2. d4 cxd4 3. c3 dxc3 4. Nxc3 Nc6 5. Nf3 e6 6. Bc4 d6 7. O-O Be7 8. Qe2 a6 9. Rd1 Qc7 10. Bf4 b5 11. Bxb5 axb5 12. Nxb5 Qb6 13. Nxd6+ Bxd6 14. Rxd6 Nge7 15. a3 O-O 16. Rc1 Rd8 17. e5 Ba6 18. Qd2 Rxd6 19. exd6 Nd5 20. b4 Bb5 21. Ne5 Nd4 22. d7 Ne2+ 23. Qxe2 Bxe2 24. Rc8+ Qd8 25. Rxa8 Qxa8 26. Nc6 Nxf4 27. d8=Q+ Qxd8 28. Nxd8 Bb5 29. f3 Kf8 30. Nb7 Ke7 31. Kf2 Ba6 32. Nc5 Nd3+ 33. Nxd3 Bxd3 34. Ke3 Bb5 35. Kd4 Kd6 36. f4 f6 37. g3 e5+ {0-} 0-1

[Event "45th FIDE Olympiad 2024"]
[Site "Budapest"]
[Date "2024.09.15"]
[Round "5.80"]
[White "Culum, Sanjin"]
[Black "Stevic, Hrvoje"]
[Result "1/2-1/2"]
[ECO "B47"]
[WhiteElo "2409"]
[BlackElo "2531"]
[Annotator "TA"]
[PlyCount "81"]
[EventDate "2024.09.05"]
[EventType "team-tourn"]
[EventCountry "HUN"]
[SourceTitle "playchess.com"]
[Source "ChessBase"]
[SourceQuality "1"]
[WhiteTeam "Bosnia & Herzegovina"]
[BlackTeam "Croatia"]
[WhiteTeamCountry "BIH"]
[BlackTeamCountry "CRO"]
[TimeControl "40/5400+30:1800+30"]

1. e4 c5 2. Nf3 e6 3. d4 cxd4 4. Nxd4 Nc6 5. Nc3 a6 6. Be2 Qc7 7. Nxc6 bxc6 8. Qd3 d5 9. Qg3 Qxg3 10. hxg3 Nf6 11. g4 Bb7 12. exd5 cxd5 13. g5 Nd7 14. Be3 Bc5 {[#] ...d4 would now be deadly.} 15. Bxc5 Nxc5 16. O-O-O O-O 17. Rd4 f6 18. gxf6 gxf6 (18... Rxf6 $14 19. f4 Bc6) 19. Bf3 {White is more active.} (19. Rh6 $16) 19... Rac8 20. Re1 Rc7 21. Bg4 f5 22. Bh3 Rf6 23. f3 Rh6 24. Na4 (24. Ne2 $14) 24... Nd7 $11 25. f4 Kf7 26. Rb4 (26. Re3 $11) 26... Rh4 $17 27. Nc3 Nf6 ({Black should try} 27... Nc5 $17 28. Rd1 Ne4) 28. Kd2 Bc8 29. Ra4 Rc6 30. Rd4 Rb6 31. b4 Ne8 (31... Bd7 $17 32. a4 Rb7) 32. Na4 $15 Rc6 33. Nc5 Nd6 34. a4 {Prevents Nb5.} Kf6 35. c3 (35. Rh1 $1 $11) 35... Rc7 $17 36. Rf1 Rg7 37. Rb1 Rc7 38. Rf1 $1 Rg7 39. Rb1 $1 Rc7 (39... Bb7 $17 40. Nxb7 Rxb7) 40. Re1 (40. Rf1 $1 $11 {keeps the balance.}) 40... Rg7 41. Rb1 $1 {Weighted Error Value: White=0.20 (precise) /Black=0.23 (precise) .  Mistake:       	White=5     	Black=4      Inaccurate:     	White=4     	Black=1      OK:         	White=13    	Black=9      Best:        	---       	Black=1      Strong:       	White=3     	---} 1/2-1/2

[Event "45th FIDE Olympiad 2024"]
[Site "Budapest"]
[Date "2024.09.15"]
[Round "5.80"]
[White "Samuel, Merhawi Gebrehiwet"]
[Black "Tracey, Shaun M"]
[Result "1-0"]
[ECO "B01"]
[WhiteElo "1788"]
[BlackElo "1684"]
[PlyCount "81"]
[EventDate "2024.09.05"]
[EventType "team-tourn"]
[EventCountry "HUN"]
[WhiteTeam "Eritrea"]
[BlackTeam "Cayman Islands"]
[WhiteTeamCountry "ERI"]
[BlackTeamCountry "CAY"]
[TimeControl "40/5400+30:1800+30"]

1. e4 d5 2. exd5 Nf6 3. c4 c6 4. dxc6 Nxc6 5. Nf3 e5 6. d3 Bc5 7. Be2 Qb6 8. O-O Ng4 9. Qe1 Nb4 10. Na3 Bf5 11. d4 exd4 12. Nxd4 Nxf2 13. Be3 Bxd4 14. Bxd4 Qxd4 15. Nb5 Qc5 16. Qxf2 Qxf2+ 17. Rxf2 Be6 18. Nc7+ Ke7 19. Nxa8 Rxa8 20. a3 Nc6 21. Rd1 g6 22. b4 h5 23. c5 Rc8 24. Bf3 Rc7 25. Re2 Kf6 26. Rd6 Ne7 27. Rd8 a6 28. Rb8 Bc8 29. Rd2 Nc6 30. Rd6+ Ke7 31. Bxc6 bxc6 32. h4 Ke8 33. Kf2 Ke7 34. Ke3 Ke8 35. Kf4 Ke7 36. Ke5 Bb7 37. Rdd8 f6+ 38. Kf4 Kf7 39. Rh8 Ke6 40. Rbd8 a5 41. Rd6+ 1-0

[Event "45th FIDE Olympiad 2024"]
[Site "Budapest"]
[Date "2024.09.15"]
[Round "5.81"]
[White "Vocaturo, Daniele"]
[Black "Bachmann, Axel"]
[Result "1/2-1/2"]
[ECO "B35"]
[WhiteElo "2600"]
[BlackElo "2560"]
[Annotator "TA"]
[PlyCount "103"]
[EventDate "2024.09.05"]
[EventType "team-tourn"]
[EventCountry "HUN"]
[SourceTitle "playchess.com"]
[Source "ChessBase"]
[SourceQuality "1"]
[WhiteTeam "Italy"]
[BlackTeam "Paraguay"]
[WhiteTeamCountry "ITA"]
[BlackTeamCountry "PAR"]
[TimeControl "40/5400+30:1800+30"]

1. e4 c5 2. Nf3 Nc6 3. Nc3 g6 4. d4 cxd4 5. Nxd4 Bg7 6. Be3 Nf6 7. Bc4 Qa5 8. O-O O-O 9. Bb3 d6 10. h3 Bd7 11. Nf3 {B35: Sicilian: Accelerated Dragon with 5 Nc3: main line.} b5 12. a3 Rab8 $146 ({Predecessor:} 12... Rfc8 13. Qe2 Rab8 14. Rfd1 Be8 15. Bd2 Qb6 16. Nd5 Nxd5 17. exd5 Ne5 18. Nxe5 Bxe5 {½-½ Kollars,D (2500)-Sica,M (2178) Wch U18 Montevideo 2017 (1)}) 13. Re1 Qd8 14. Qd2 Rb7 15. Bh6 Na5 16. Bxg7 Kxg7 17. Nd5 Nxb3 18. cxb3 e5 19. Rad1 Ne8 20. Nh2 Be6 21. Ng4 Qh4 22. Nge3 Kh8 23. f3 f5 24. Nf1 (24. f4 $11) 24... Rbf7 (24... f4 $15) 25. b4 a6 26. Nc3 Kg8 27. Qf2 Qg5 (27... Qxf2+ $11 28. Kxf2 f4) 28. exf5 $14 Bxf5 (28... gxf5 $14 29. f4 Qh6 (29... Qg7 30. Rd2 $16)) 29. Ng3 $1 $16 Bxh3 {[#]} (29... Qe7 $16 {keeps fighting.} 30. Nce4 Bc8) 30. Nce4 $1 $18 (30. gxh3 $6 Rxf3 31. Nce4 Rxf2) 30... Qh4 31. Nxd6 Nxd6 32. Rxd6 Bg4 33. Ne4 (33. Rxa6 Bxf3 $15) (33. Rxe5 $2 Rxf3 34. gxf3 Rxf3 35. Re8+ (35. Qg2 $2 Rxg3 $19) 35... Kf7 36. Qa7+ Kxe8 37. Qa8+ Kf7 38. Qd5+ Kf8 39. Rd8+ Kg7 40. Qd4+ Kh6 41. Qd2+ Qg5 $19) 33... Qe7 34. Rd2 (34. Rxa6 Bxf3 35. gxf3 Rxf3 $11) 34... Bc8 (34... Bf5 $16 {was necessary.} 35. Nc5 Qf6) 35. Nd6 $18 Rf4 (35... Rf6 {was worth a try.}) 36. Qc5 $18 Qh4 37. Qxe5 (37. Rxe5 Bg4 38. Qd5+ (38. fxg4 $2 Rf1#) 38... Kh8 $18) 37... Bd7 38. Ree2 Bc6 39. Qe6+ Kh8 40. Qe5+ Kg8 41. Nc8 Rc4 42. Rd1 ({Worse is} 42. Ne7+ Kf7 43. Qd6 (43. Qe6+ Kg7 $18) 43... Rc1+ 44. Rd1 Rxd1+ 45. Qxd1 Qf6 46. Qb3+ Kg7 $11) 42... Qf6 (42... Rxc8 $2 {is the wrong capture.} 43. Qe6+ Kg7 44. Qxc8 $18) 43. Ne7+ Kg7 44. Nxc6 Rxc6 45. Rd7+ Rf7 46. Rxf7+ Kxf7 {[#]} 47. Qe8+ $1 Kg7 48. Qe7+ (48. Qd7+ $18 Kh6 49. g3 Rc1+ (49... Qxf3 $2 {loses.} 50. Rh2+ Kg5 51. Qd2+ Kf5 52. Rf2 $18) 50. Kg2) 48... Qf7 $16 49. Qe5+ Qf6 50. Kf2 h5 51. Qe7+ Qxe7 52. Rxe7+ 1/2-1/2